AoeStats
← AMİRAL

Hideout

508649800Analyzed
1v1 RM · 10d ago on Sep 23, 2026· 54m 42s· 2 players
Game mode
Random Map
Map size
Tiny (2 player)
Population
200
Speed
Normal
Resources
Standard
Victory
Conquest
Starting age
Dark Age
Ending age
Imperial Age
RankedLock teamsTeams togetherTeam positionsShared explorationLock speedFull tech treeHidden civsTurbo modeCheats
Victory
Defeat
🇹🇷 Franks · Türkiye
893
+15
🇨🇳 Danes · China
871
-15
爱你的阿金
7:44 Loom
9:53 Feudal Age
10:36 Double-Bit Axe
10:33 Horse Collar
18:20 Castle Age
16:28 Gold Mining
16:32 Stone Mining
18:58 Forging
19:36 Heavy Plow
20:33 Scale Mail Armor
24:16 Squires
24:10 Gambesons
24:12 Arson
26:23 Wheelbarrow
28:01 Hand Cart
28:43 Bow Saw
29:14 Iron Casting
28:55 Chain Mail Armor
32:49 Imperial Age
32:34 Fletching
32:44 Padded Archer Armor
33:12 Ballistics
32:48 Murder Holes
33:06 Masonry
34:59 Chemistry
33:45 Arrowslits
35:31 Capped Ram
36:38 Conscription
37:27 Gold Shaft Mining
37:34 Stone Shaft Mining
37:12 Siege Ram
38:06 Elite Varangian Guard
39:22 Siege Engineers
41:47 Blast Furnace
41:26 Plate Mail Armor
42:06 Bodkin Arrow
42:27 Leather Archer Armor
41:44 Elite Jomsviking
43:18 Northmen's Fury
48:31 Elite Skirmisher
49:17 Bracer
49:48 Ring Archer Armor
AMİRAL
11:14 Feudal Age
14:57 Castle Age
12:57 Double-Bit Axe
19:05 Stone Mining
20:43 Bow Saw
21:27 Gold Mining
23:20 Padded Archer Armor
23:25 Scale Barding Armor
24:24 Gold Shaft Mining
28:49 Imperial Age
27:42 Fletching
28:07 Leather Archer Armor
29:17 Husbandry
28:38 Light Cavalry
29:27 Scale Barding Armor
30:12 Bodkin Arrow
30:56 Ballistics
31:37 Chemistry
31:01 Elite Throwing Axeman
32:18 Chain Barding Armor
32:43 Wheelbarrow
33:05 Forging
33:08 Masonry
33:18 Masonry
34:02 Hand Cart
33:24 Cavalier
36:22 Town Watch
37:22 Architecture
36:34 Treadmill Crane
37:35 Architecture
37:32 Chivalry
37:58 Conscription
38:01 Paladin
39:02 Ordonnance Companies
39:56 Cranequins
39:57 Heavy Mounted Crossbowman
40:10 Heavy Mounted Crossbowman
43:09 Plate Barding Armor
43:09 Iron Casting
42:35 Scale Mail Armor
Connection lost

Rejoining the realm…

Still unreachable

The connection could not be restored.

Session expired

The server has moved on; the page needs a fresh start.